 Dungeon Crawl Stone Soup version 0.30.1-9-gdf580d7c3d (webtiles) character file.

Game seed: 3020096434773963046

65 cono6783 the Sneak (level 3, 0/18 HPs)
             Began as a Spriggan Brigand on Oct 23, 2023.
             Succumbed to an adder's poison
             ... on level 2 of the Dungeon.
             The game lasted 00:42:19 (2733 turns).

cono6783 the Sneak (Spriggan Brigand)               Turns: 2733, Time: 00:42:19

Health: 0/18       AC:  3    Str:  9    XL:     3   Next: 92%
Magic:  4/4        EV: 16    Int: 12    God:
Gold:   89         SH:  0    Dex: 16    Spells: 2/2 levels left

rFire   . . .        a - +2 dagger (heavy)
rCold   . . .        (no shield)
rNeg    . . .        b - +0 robe
rPois   .            (helmet restricted)
rElec   .            c - +0 cloak
rCorr   .            (gloves unavailable)
SInv    +            (boots unavailable)
Will    .....        (no amulet)
Stlth   ++++         (no ring)
HPRegen 0.23/turn    (no ring)
MPRegen 0.09/turn

%: no passive effects
@: lethally poisoned (0 -> -4), very quick
A: very small, no large weapons, unfitting armour, see invisible, speed 3
a: no special abilities


You were on level 2 of the Dungeon.
You visited 1 branch of the dungeon, and saw 3 of its levels.

You collected 89 gold pieces.

Inventory:

Hand Weapons
 a - a +2 heavy dagger (weapon)
 i - a +0 sling
Missiles
 d - 9 poisoned darts
 e - 6 curare-tipped darts (quivered)
 f - 5 stones
Armour
 b - a +0 robe (worn)
 c - a +0 cloak (worn)
 l - a +4 ring mail
 n - a +0 pair of gloves
Scrolls
 h - a scroll of fog
 j - a scroll of poison
 k - 2 scrolls of identify
 m - a scroll of summoning
Potions
 g - 2 potions of lignification


   Skills:
 + Level 1.9 Fighting
 + Level 3.1 Short Blades
 + Level 2.0 Throwing
 + Level 1.6 Dodging
 + Level 7.3 Stealth


You had 2 spell levels left.
You didn't know any spells.
Your spell library was empty.

Dungeon Overview and Level Annotations

Branches:
Dungeon (3/15)

Altars:

Annotations:
D:3 Ijyb


Innate Abilities, Weirdness & Mutations

You are very small and have problems with some larger weapons.
You are too small for most types of armour.
You have supernaturally acute eyesight. (SInv)
You cover ground extremely quickly. (Speed+++)


Message History

There is an open door here.
You see here a +0 dagger.
The adder barely misses you.
You puncture the adder!
The adder is severely wounded.
The adder closely misses you.
You miss the adder.
The adder is severely wounded.
The adder misses you. x2; The adder bites you but does no damage.
The adder closely misses you.
You miss the adder.
The adder is severely wounded.
The adder bites you.
You are poisoned.
The adder poisons you! The adder barely misses you. The adder misses you.
You feel sick.
There is an open door here.
You feel sick.
You feel sick.
You feel sick.
You feel sick.
You feel sick.
You feel sick.
You are no longer poisoned.
Throw: 7 darts (curare)
Press: ? - help, Q - select action, (/) - cycle Shift-Dir - straight line, f - adder
Aim: an adder (heavily wounded, 42% to hit)
You throw a curare-tipped dart. The curare-tipped dart hits the adder.
The adder is poisoned.
The adder convulses.
You kill the adder!
The adder bites you.
* * * LOW HITPOINT WARNING * * *
You are lethally poisoned!
The adder poisons you!
You closely miss the adder.
The adder is heavily wounded.
* * * LOW HITPOINT WARNING * * *
You feel sick. The adder closely misses you.
You die...

..........#######
#########.......# ......#
#.......# #####.# #.......#
......# #.......#
#########.....###############
..........>...'.............###
##########....##.##########†..#
S............###@# ###.#
###########...##.# #.###
##...)S####### #...[
#.###...S...### ##### #.#
#.###S....# # ########.###.#
#.....# # #............#
#S....# #
#.......)#######S....########
#####........##
#.......'.......


You could see an adder.

Vanquished Creatures
  3 adders (D:2)
  A worm (D:2)
  2 dart slugs (D:2)
  5 ball pythons
  3 endoplasms (D:2)
  2 giant cockroaches (D:2)
  4 goblins (D:2)
  A hobgoblin (D:2)
  2 jackals (D:3)
  3 kobolds
  2 bats (D:2)
  A frilled lizard (D:2)
  3 rats
32 creatures vanquished.

Notes
Turn   | Place    | Note
-------+----------+-------------------------------------------
     0 | D:1      | cono6783 the Spriggan Brigand began the quest for the Orb.
     0 | D:1      | Reached XP level 1. HP: 10/10 MP: 2/2
   362 | D:1      | Reached skill level 6 in Stealth
   775 | D:2      | Reached XP level 2. HP: 7/14 MP: 3/3
  1430 | D:2      | Reached XP level 3. HP: 18/18 MP: 4/4
  1768 | D:2      | Reached skill level 7 in Stealth
  2517 | D:3      | Noticed Ijyb
  2733 | D:2      | Succumbed to an adder's poison

Illustrated notes

Levels and vault maps discovered:
D:1:      heliophobic_arrival_battle_scene, layout_basic,
          minmay_rat_gold_closets
D:2:      minmay_wonky_spiral, layout_basic
D:3:      layout_rooms, lightli_sewer_entry_pipes, uniq_ijyb, uniq_natasha,
          uniq_crazy_yiuf_cottage

Skill      XL: |  1  2  3 |
---------------+----------+-----
Stealth        | 6 7 |  7.3
Short Blades   | 3 |  3.1
Fighting       | |  1.9
Throwing       | |  2.0
Dodging        | |  1.6

Action                     || total
---------------------------++-------
  Melee: Dagger            ||    76
  Throw: Dart              ||     1
    Use: Scroll            ||     7
   Stab: Sleeping          ||     5
 Armour: Robe              ||    17
  Dodge: Dodged            ||    83
